 Dungeon Crawl Stone Soup version 0.31-a0-217-g58bb5d79cf (webtiles) character file.

Game seed: 4022049318918271880

77 protoss039 the Digger (level 4, 33/33 HPs)
             Began as a Demonspawn Earth Elementalist on July 2, 2023.
             Got out of the dungeon alive.
             The game lasted 00:02:30 (1749 turns).

protoss039 the Digger (DsEE)                        Turns: 1749, Time: 00:02:31

Health: 33/33      AC:  3    Str:  8    XL:     4   Next: 13%
Magic:  7/8        EV: 12    Int: 19    God:
Gold:   56         SH:  0    Dex: 15    Spells: 5/8 levels left

rFire   . . .        i - +0 dagger
rCold   . . .        (no shield)
rNeg    . . .        a - +0 robe
rPois   .            (no helmet)
rElec   .            (no cloak)
rCorr   .            e - +0 pair of gloves
SInv    .            (no boots)
Will    .....        (no amulet)
Stlth   +++          (no ring)
HPRegen 0.25/turn    (no ring)
MPRegen 0.11/turn

%: no passive effects
@: no status effects
A: thin skeletal structure 1, weakness stinger 1
a: no special abilities


You escaped.
You visited 1 branch of the dungeon, and saw 3 of its levels.

You collected 108 gold pieces.
You spent 52 gold pieces at shops.

Inventory:

Hand Weapons
 i - a +0 dagger (weapon)
Armour
 a - a +0 robe (worn)
 e - a +0 pair of gloves (worn)
Scrolls
 d - 2 scrolls of fear
 f - a scroll of blinking {unknown}
 g - 2 scrolls of amnesia {unknown}
 h - 2 scrolls of teleportation
 k - a scroll of enchant weapon {unknown}
 l - a scroll of enchant armour {unknown}
Potions
 b - a potion of magic
 c - a potion of brilliance {unknown}
 j - a potion of degeneration {unknown}


   Skills:
 + Level 2.0 Fighting
 - Level 1.7 Dodging
 - Level 1.7 Stealth
 + Level 2.8 Spellcasting
 - Level 1.0 Transmutations
 + Level 3.3 Earth Magic


You had 5 spell levels left.
You knew the following spells:

 Your Spells              Type           Power      Damage    Failure   Level
a - Sandblast             Erth           30%        2d9       3%          1
b - Passwall              Tmut/Erth      9%         N/A       10%         2

Your spell library contained the following spells:

 Spells                   Type           Power      Damage    Failure   Level
 Cigotuvi's Dreadful Rot  Necr/Pois/Air  4%         N/A       24%         2
 Stone Arrow              Conj/Erth      18%        3d8       24%         3
 Ignite Poison            Fire/Tmut/Pois 3%         N/A       38%         3
 Petrify                  Tmut/Erth      11%        N/A       54%         4
 Freezing Cloud           Conj/Ice/Air   1%         6-21      99%         5


Dungeon Overview and Level Annotations

Branches:
Dungeon (3/15) Zot: 16228

Altars:

Shops:
D:2 *   D:3 [


Innate Abilities, Weirdness & Mutations

You have a somewhat thin skeletal structure. (Dex +2, Stealth+)
You have a small tail.


Message History

Press: ? - help, Shift-Dir - straight line, f/p - quokka
Aim: a quokka (moderately wounded, 75% to hit)
The blast of sand misses the quokka.
The quokka bites you. x2
Unknown command.
Casting: Sandblast (safe; 3% risk of failure)
Confirm with . or Enter, or press ? or * to list all spells.
Aiming: Sandblast (safe; 3% risk of failure)
Press: ? - help, Shift-Dir - straight line, f/p - quokka
Aim: a quokka (moderately wounded, 75% to hit)
The blast of sand hits the quokka.
You kill the quokka!
Casting: Sandblast (safe; 3% risk of failure)
Confirm with . or Enter, or press ? or * to list all spells.
Aiming: Sandblast (safe; 3% risk of failure)
Press: ? - help, Shift-Dir - straight line, f - rat
Aim: a rat (82% to hit)
The blast of sand misses the rat.
Unknown command.
Unknown command.
Casting: Sandblast (safe; 3% risk of failure)
Confirm with . or Enter, or press ? or * to list all spells.
Aiming: Sandblast (safe; 3% risk of failure)
Press: ? - help, Shift-Dir - straight line, f/p - rat
Aim: a rat (82% to hit)
The blast of sand hits the rat!
You kill the rat!
Unknown command.
There is a stone staircase leading up here.
You climb upwards.
There is a stone staircase leading down here.
You see here a scroll of noise.
(D) Dungeon
Where to? (Enter - D:3 @ (x,y), ? - help)
Okay, then.
There is an escape hatch in the ceiling here.
A mysterious force pulls you upwards. The hatch slams shut behind you.
HP restored.
There is a staircase leading out of the dungeon here.
Are you sure you want to leave the Dungeon?
This will make you lose the game!
You have escaped!

........^......##.##............#
.....................##.......#.#
................#.########.####.#
................#.##### #..# #.#
..............##..##..# #..# #.#
..............##..##..# #..# #.#
............##..##..#### #..###.#
............##..##..##.###...##.#
.##...........##@.##.......#.##..
†#####...##...##..##...##........
.# #.#.##.##..##..##.###...##..
.# #.#.##.##..##..##..>#.#.#...
.## #.#.##...##..##...#.#.#.....
..## #.#.##...##..##...#.#.#.#...
#..###.#.##............#.....####
##............................# #
##..................#####÷.#.# #


There were no monsters in sight!

Vanquished Creatures
  Natasha (D:3)
  An adder (D:3)
  A dart slug (D:1)
  11 ball pythons
  3 bats
  3 endoplasms
  6 goblins
  2 hobgoblins
  3 quokkas
  2 frilled lizards
  3 rats
36 creatures vanquished.

Notes
Turn   | Place    | Note
-------+----------+-------------------------------------------
     0 | D:1      | protoss039 the Demonspawn Earth Elementalist began the
                  | quest for the Orb.
     0 | D:1      | Reached XP level 1. HP: 13/13 MP: 3/3
   186 | D:1      | Gained mutation: You have a small tail. [demonic ancestry]
   186 | D:1      | Reached XP level 2. HP: 20/20 MP: 1/5
   257 | D:1      | Reached skill level 1 in Fighting
   314 | D:1      | Reached skill level 3 in Earth Magic
   587 | D:1      | Learned a level 2 spell: Passwall
   640 | D:2      | Reached skill level 1 in Transmutations
   896 | D:2      | Reached XP level 3. HP: 26/26 MP: 4/6
  1246 | D:2      | Found Diuvodgh's General Store.
  1249 | D:2      | Bought a scroll of teleportation for 39 gold pieces
  1249 | D:2      | Bought a scroll of noise for 13 gold pieces
  1462 | D:2      | Found a faded altar of an unknown god.
  1560 | D:3      | Found Geacy's Antique Armour Boutique.
  1571 | D:3      | Noticed Natasha
  1577 | D:3      | Killed Natasha
  1671 | D:3      | Gained mutation: You have a somewhat thin skeletal
                  | structure. (Dex +2, Stealth+) [demonic ancestry]
  1671 | D:3      | Reached XP level 4. HP: 25/33 MP: 3/8
  1749 | D:$      | Got out of the dungeon alive.

Illustrated notes

Levels and vault maps discovered:
D:1:      lightli_iron_boxes, layout_rooms
D:2:      layout_basic, ebering_ecumenical_altar_ruins, serial_shops,
          nicolae_shop_real_fake_doors, dk_noncrumbling_4
D:3:      corexii_shack_village, layout_rooms, serial_shops, shop, uniq_natasha,
          uniq_robin, uniq_crazy_yiuf_cottage

Skill      XL: |  1  2  3 |
---------------+----------+-----
Fighting       | 1 2 |  2.0
Earth Magic    | 3 |  3.3
Transmutations | 1 |  1.0
Dodging        | |  1.7
Stealth        | |  1.7
Spellcasting   | |  2.8

Action                     |  1- 3 |  4- 6 || total
---------------------------+-------+-------++-------
  Melee: Club              |     2 |       ||     2
         Dagger            |     3 |     2 ||     5
         Tailslap          |     1 |     1 ||     2
   Cast: Sandblast         |    40 |     5 ||    45
    Use: Scroll            |     1 |       ||     1
   Stab: Sleeping          |     2 |       ||     2
 Armour: Robe              |     4 |     1 ||     5
  Dodge: Dodged            |     8 |     4 ||    12

Table legend: (Time is in decaauts)
 A = Elapsed time spent in this place.
 B = Non-inter-level travel time spent in this place.
 C = Inter-level travel time spent in this place.
 D = Time resting spent in this place.
 E = Time spent auto-exploring this place.
 F = Levels seen in this place.
 G = Mean time per level.
                   A        B        C        D        E       F      G
               +--------+--------+--------+--------+--------+-----+--------+
         Total |   1771 |   1675 |     96 |     71 |   1351 |   3 |  590.3 |
       Dungeon |   1771 |   1675 |     96 |     71 |   1351 |   3 |  590.3 |
               +--------+--------+--------+--------+--------+-----+--------+

Top non-repeatable levels by time:
     D:2: 1053 daAuts
     D:1: 623 daAuts
     D:3: 94 daAuts
